 Seeded DCSS version 0.30.1-11-g7821555f0a (webtiles) character file.

Game seed: 5129858224507802926 (custom seed)

50 Psyclone the Conjurer (level 3, 2/19 HPs)
             Began as a Deep Elf Conjurer on Nov 7, 2023.
             Quit the game on level 3 of the Dungeon.
             The game lasted 00:01:39 (339 turns).

Psyclone the Conjurer (Deep Elf Conjurer)            Turns: 339, Time: 00:01:39

Health: 2/19       AC:  2    Str:  4    XL:     3   Next: 55%
Magic:  0/10       EV: 12    Int: 24    God:
Gold:   30         SH:  0    Dex: 13    Spells: 8/9 levels left

rFire   . . .        (no weapon)
rCold   . . .        (no shield)
rNeg    . . .        a - +0 robe
rPois   .            (no helmet)
rElec   .            (no cloak)
rCorr   .            (no gloves)
SInv    .            (no boots)
Will    .....        (no amulet)
Stlth   ++           (no ring)
HPRegen 0.23/turn    (no ring)
MPRegen 0.12/turn

%: clarity
@: no status effects
A: clarity, teleportitis 1, evolution 1
a: no special abilities


You were on level 3 of the Dungeon.
You visited 1 branch of the dungeon, and saw 3 of its levels.

You collected 30 gold pieces.

Inventory:

Armour
 a - a +0 robe (worn)
Scrolls
 d - a scroll of amnesia {unknown}
 e - a scroll of vulnerability {unknown}
Potions
 b - a potion of magic
 c - a potion of mutation


   Skills:
 - Level 2.4 Dodging
 - Level 2.4 Stealth
 + Level 3.9 Spellcasting
 * Level 5.4 Conjurations


You had 8 spell levels left.
You knew the following spells:

 Your Spells              Type           Power      Damage    Failure   Level
a - Magic Dart            Conj           100%       1d8       1%          1

Your spell library contained the following spells:

 Spells                   Type           Power      Damage    Failure   Level
 Searing Ray              Conj           60%        2d6       1%          2
 Dazzling Flash           Conj/Hex       34%        N/A       10%         3
 Fulminant Prism          Conj/Hex       8%         3d7       32%         4
 Iskenderun's Mystic Bla  Conj/Tloc      17%        2d5       32%         4


Dungeon Overview and Level Annotations

Branches:
Dungeon (3/15) Zot: 17661

Altars:

Shops:
D:2 =


Innate Abilities, Weirdness & Mutations

You possess an exceptional clarity of mind.
You are occasionally teleported next to monsters.
You have hidden genetic potential.


Message History

Casting: Magic Dart (safe; 1% risk of failure)
Confirm with . or Enter, or press ? or * to list all spells.
You don't have enough magic to cast this spell.
Unknown command.
Casting: Magic Dart (safe; 1% risk of failure)
Confirm with . or Enter, or press ? or * to list all spells.
You don't have enough magic to cast this spell.
Unknown command.
The orc barely misses you.
Items here: ! ) [ †.
You hit the orc but do no damage. You punch the orc.
You kill the orc!
The orc priest invokes the aid of Beogh against you.
Beogh smites you!
Ouch! That really hurt!
You take 11 damage, and have 8/19 hp.
MASSIVE DAMAGE!!
The orc priest hits you with a +0 dagger.
Things that are here:
a +0 flail; a +0 scale mail; an orc corpse You take 2 damage, and have 6/19 hp.
You closely miss the orc priest.
The orc priest hits you with a +0 dagger.
* * * LOW HITPOINT WARNING * * *
You take 4 damage, and have 2/19 hp.
MASSIVE DAMAGE!!
Casting: Magic Dart (safe; 1% risk of failure)
Confirm with . or Enter, or press ? or * to list all spells.
Aiming: Magic Dart (safe; 1% risk of failure)
Press: ? - help, Shift-Dir - straight line, f - orc priest
Aim: an orc priest, wielding a +0 dagger (100% to hit)
The magic dart hits the orc priest.
The orc priest is moderately wounded.
The orc priest barely misses you.
You now have 0/10 mp.
Casting: Magic Dart (safe; 1% risk of failure)
Confirm with . or Enter, or press ? or * to list all spells.
You don't have enough magic to cast this spell.
Unknown command.
Unknown command.
Unknown command.
Are you sure you want to abandon this character and quit the game? (Confirm with "yes".)

#.#.# o.# #.#.# ### ##
#.#.# .###.#.#
..##.#.# # ...#.#.# .#
.......# ######o.#
...#.#########.......#
..##.#..)...)..)@o..#
..........###########
###########


You could see an orc priest and an orc.

Vanquished Creatures
  An orc wizard (D:3)
  A dart slug (D:2)
  An orc (D:3)
  2 bats (D:2)
  3 endoplasms
  4 goblins
  3 hobgoblins (D:2)
  A quokka (D:2)
  3 ball pythons
  A rat (D:1)
20 creatures vanquished.

Notes
Turn   | Place    | Note
-------+----------+-------------------------------------------
     0 | D:1      | Psyclone the Deep Elf Conjurer began the quest for the Orb.
     0 | D:1      | Reached XP level 1. HP: 10/10 MP: 6/6
    80 | D:2      | Found Zutuxkoi's Jewellery Shop.
    83 | D:2      | Reached XP level 2. HP: 15/15 MP: 4/8
   112 | D:2      | Gained mutation: You possess an exceptional clarity of
                  | mind. [potion of mutation]
   112 | D:2      | Gained mutation: You are occasionally teleported next to
                  | monsters. [potion of mutation]
   112 | D:2      | Gained mutation: You have hidden genetic potential. [potion
                  | of mutation]
   226 | D:2      | Reached skill level 5 in Conjurations
   331 | D:3      | Reached XP level 3. HP: 19/19 MP: 3/10
   339 | D:3      | Quit the game

Illustrated notes

Levels and vault maps discovered:
D:1:      saegor_arrival_simple_c, layout_rooms, serial_shops, shop,
          kennysheep_nondescript, minmay_misc_feat_ornament
D:2:      layout_basic, serial_shops, nicolae_shop_tiny_statue_garden,
          nicolae_shop_scrapyard, shop, shop
D:3:      layout_loops_ring

Skill      XL: |  1  2 |
---------------+-------+-----
Conjurations   | 5 |  5.4
Dodging        | |  2.4
Stealth        | |  2.4
Spellcasting   | |  3.9

Action                     || total
---------------------------++-------
  Melee: Unarmed           ||     2
         Punch             ||     1
   Cast: Magic Dart        ||    36
    Use: Potion            ||     1
  Dodge: Dodged            ||     5
